 Dungeon Crawl Stone Soup version 0.29.0-4-gdea44cf6ec (webtiles) character file.

Game seed: 10211992886905308105

59 qw the Chopper (level 3, -1/29 HPs)
             Began as a Demonspawn Cinder Acolyte on Sept 9, 2022.
             Was a High Priest of Ignis.
             Killed from afar by Natasha (5 damage)
             ... with a magic dart
             ... on level 2 of the Dungeon.
             The game lasted 00:00:28 (1680 turns).

qw the Chopper (Demonspawn Cinder Acolyte)          Turns: 1680, Time: 00:00:28

Health: -1/29      AC:  9    Str: 16    XL:     3   Next: 78%
Magic:  4/4        EV: 11    Int: 15    God:    Ignis [*****.]
Gold:   70         SH:  0    Dex:  8    Spells: 4/4 levels left

rFire   + . .      SeeInvis .   Y - -1 hand axe (flame)
rCold   . . .      Faith    .   (no shield)
rNeg    . . .      Spirit   .   b - +0 robe
rPois   .          Reflect  .   (no helmet)
rElec   .          Harm     .   (no cloak)
rCorr   .          Rampage  .   (no gloves)
Will    .....                   (no boots)
Stlth   +.........              (no amulet)
HPRegen 0.09/turn               (no ring)
MPRegen 0.09/turn               (no ring)

@: fiery-armoured
A: foul stench 2
a: Renounce Religion, Fiery Armour, Foxfire Swarm, Rising Flame


You were on level 2 of the Dungeon.
You worshipped Ignis.
Ignis was extremely pleased with you.
You visited 1 branch of the dungeon, and saw 2 of its levels.

You collected 70 gold pieces.


Innate Abilities, Weirdness & Mutations

You sometimes emit foul miasma when damaged in melee.


   Skills:
 - Level 3.0 Fighting
 - Level 4.2 Axes
 + Level 0.7 Dodging
 - Level 1.0 Spellcasting
 - Level 2.6 Fire Magic


You had 4 spell levels left.
You didn't know any spells.
Your spell library contained the following spells:

 Spells                   Type           Power      Damage    Failure   Level
 Scorch                   Fire           16%        2d6       12%         2

Inventory:

Hand Weapons
 Y - a -1 hand axe of flaming (weapon)
Armour
 b - a +0 robe (worn)
Potions
 c - a potion of brilliance {unknown}
 f - a potion of curing
 g - a potion of haste {unknown}
 h - a potion of berserk rage {unknown}
 j - a potion of might {unknown}

Dungeon Overview and Level Annotations

Branches:
Dungeon (2/15)

Altars:

Annotations:
D:2 Natasha


Message History

A hobgoblin comes into view.
The hobgoblin shouts!
A quokka comes into view.
1636 ||| Stepping ~*~*~tactically~*~*~ (stealth).
You closely miss the hobgoblin. Your punch misses the hobgoblin.
The hobgoblin hits you.
You barely miss the hobgoblin. The hobgoblin closely misses you.
The quokka twitches its whiskers.
You hit the hobgoblin. You burn the hobgoblin.
The hobgoblin is heavily wounded.
The hobgoblin barely misses you.
You barely miss the hobgoblin.
The hobgoblin is heavily wounded.
The hobgoblin hits you.
You hit the hobgoblin. You burn the hobgoblin.
You kill the hobgoblin!
You hit the quokka. You burn the quokka.
You kill the quokka!
You start resting.
Natasha, Servant of Life and Death comes into view.
She is carrying a wand of digging (4).
1675 ||| Stepping ~*~*~tactically~*~*~ (stealth).
You see here a hobgoblin corpse.
Natasha hisses angrily.
You hit Natasha. You burn Natasha.
Natasha is heavily wounded.
Natasha casts a spell at you. The magic dart hits you!
You closely miss Natasha.
Natasha is heavily wounded.
Natasha stares at you and mumbles some strange words.
The magic dart hits you.
Natasha mumbles some strange words.
You feel troubled. Natasha claws you!
1680 ||| INVOKING Fiery Armour.
A protective cloak of flame settles atop you.
Natasha stares at you and mumbles some strange words.
The magic dart hits you.
You die...

## . .. .. #.#
.## #.# ....
#.### .....
#...#####......
#.#.h@.%.......
#...#####......
#######..##
.....
.........# ....
###.####.# .##
#....####### #
#..........# #
#....#####.#
##.##r#<......#


You could see Natasha.

Vanquished Creatures
  Natasha (D:2)
  2 dart slugs
  3 ball pythons
  4 endoplasms (D:1)
  3 hobgoblins
  4 kobolds (D:1)
  3 quokkas
  2 bats (D:1)
  A frilled lizard (D:2)
  A goblin (D:1)
  5 rats (D:1)
29 creatures vanquished.

Notes
Turn   | Place    | Note
-------+----------+-------------------------------------------
     0 | D:1      | qw the Demonspawn Cinder Acolyte began the quest for the
                  | Orb.
     0 | D:1      | Reached XP level 1. HP: 18/18 MP: 2/2
     0 | D:1      | 0 ||| qw: Version: 0.1-a-113-g051387a
     0 | D:1      | 0 ||| qw: Game counter: 7217
     0 | D:1      | 0 ||| qw: Always use a shield: true
     0 | D:1      | 0 ||| qw: God list: Okawaru
     0 | D:1      | 0 ||| qw: Allow faded altars: false
     0 | D:1      | 0 ||| qw: Do Orc after D:15 true
     0 | D:1      | 0 ||| qw: Do second Lair branch before Depths: true
     0 | D:1      | 0 ||| qw: Lair rune preference: random
     0 | D:1      | 0 ||| qw: Plans: Normal
     0 | D:1      | 0 ||| PLANNING D:1-11
    40 | D:1      | 40 ||| Stepping ~*~*~tactically~*~*~ (stealth).
    77 | D:1      | 77 ||| Stepping ~*~*~tactically~*~*~ (stealth).
    81 | D:1      | 81 ||| Stepping ~*~*~tactically~*~*~ (stealth).
    82 | D:1      | 82 ||| Stepping ~*~*~tactically~*~*~ (stealth).
    87 | D:1      | 87 ||| Stepping ~*~*~tactically~*~*~ (stealth).
   163 | D:1      | Reached skill level 3 in Axes
   171 | D:1      | 171 ||| Stepping ~*~*~tactically~*~*~ (stealth).
   172 | D:1      | 172 ||| INVOKING Fiery Armour.
   172 | D:1      | HP: 3/18 [frozen (4)]
   211 | D:1      | 211 ||| Stepping ~*~*~tactically~*~*~ (stealth).
   222 | D:1      | 222 ||| Stepping ~*~*~tactically~*~*~ (stealth).
   230 | D:1      | Gained mutation: You may rarely emit foul miasma when
                  | damaged in melee. [demonic ancestry]
   230 | D:1      | Reached XP level 2. HP: 9/24 MP: 3/3
   873 | D:1      | 873 ||| Stepping ~*~*~tactically~*~*~ (hiding).
  1276 | D:1      | 1276 ||| READING 2 scrolls labelled TURPHI YXIQUUGI.
  1277 | D:1      | 1277 ||| READING scroll labelled DIZIEC COTIFU.
  1278 | D:1      | 1278 ||| READING scroll labelled OREYGIATTATO.
  1279 | D:1      | 1279 ||| READING scroll labelled MOLUSI VIR PEY.
  1280 | D:1      | 1280 ||| READING scroll labelled TIVVIBBOUST.
  1281 | D:1      | 1281 ||| DRINKING 2 clear potions.
  1282 | D:1      | 1282 ||| DROPPING scroll of noise.
  1336 | D:2      | Noticed Natasha
  1342 | D:2      | 1342 ||| INVOKING Fiery Armour.
  1344 | D:2      | Killed Natasha
  1345 | D:2      | Reached skill level 4 in Axes
  1345 | D:2      | Gained mutation: You sometimes emit foul miasma when
                  | damaged in melee. [demonic ancestry]
  1345 | D:2      | Reached XP level 3. HP: 13/29 MP: 4/4
  1404 | D:2      | 1404 ||| FLEEEEING.
  1405 | D:2      | 1405 ||| FLEEEEING.
  1406 | D:2      | 1406 ||| FLEEEEING.
  1408 | D:2      | 1408 ||| FLEEEEING.
  1409 | D:2      | 1409 ||| FLEEEEING.
  1413 | D:2      | 1413 ||| FLEEEEING.
  1414 | D:2      | 1414 ||| STAIRDANCE
  1533 | D:2      | 1533 ||| Stepping ~*~*~tactically~*~*~ (hiding).
  1534 | D:2      | 1534 ||| Stepping ~*~*~tactically~*~*~ (hiding).
  1630 | D:2      | 1630 ||| Stepping ~*~*~tactically~*~*~ (stealth).
  1636 | D:2      | 1636 ||| Stepping ~*~*~tactically~*~*~ (stealth).
  1674 | D:2      | Noticed Natasha
  1675 | D:2      | 1675 ||| Stepping ~*~*~tactically~*~*~ (stealth).
  1679 | D:2      | HP: 4/29 [Natasha (8)]
  1680 | D:2      | 1680 ||| INVOKING Fiery Armour.
  1680 | D:2      | Killed from afar by Natasha

Levels and vault maps discovered:
D:1:      scummos_arrival_simple_fountains, layout_loops_ring
D:2:      layout_loops_ring, uniq_natasha

Skill      XL: |  1  2 |
---------------+-------+-----
Axes           | 3 4 |  4.2
Fighting       | |  3.0
Dodging        | |  0.7
Spellcasting   | |  1.0
Fire Magic     | |  2.6

Action                   || total
-------------------------++-------
Melee: Hand axe          ||    73
Invok: Fiery Armour      ||     3
  Use: Scroll            ||     5
       Potion            ||     1
Armor: Robe              ||     8
Dodge: Dodged            ||    30

Table legend:
 A = Non-vault XP
 B = Vault XP
 C = Vault XP percentage of total XP
 D = Non-vault monster count
 E = Vault monster count
 F = Vault count percentage of total count
                 A         B        C        D         E       F
            +---------+---------+-------+---------+---------+-------
      Total |      50 |      35 |  41.2 |      28 |       1 |   3.4
            +---------+---------+-------+---------+---------+-------
        D:1 |      35 |       0 |   0.0 |      21 |       0 |   0.0
        D:2 |      15 |      35 |  70.0 |       7 |       1 |  12.5
            +---------+---------+-------+---------+---------+-------
